Punishers vs Influenza
Created - May 2, 2017 at 19:10
Goals
|
Punishers |
1 |
0 |
2 |
3 |
Influenza |
1 |
1 |
3 |
5 |
|
Shots
|
Punishers |
5 |
12 |
9 |
26 |
Influenza |
9 |
14 |
5 |
28 |
|
1st period
1. Punishers , Casey Cizikas 23 (Mike Sauer 34) at 2:59
2. Influenza , Martins Karsums 32 (Mark Scheifele 29) at 10:00
Penalties :
Luke Adam (Pro) for Holding (Minor) at 3:21, Frazer Mclaren (Pro) for High sticking (Minor) at 10:48, Robbie Earl (VJB) for Interference (Minor) at 11:21
2nd period
3. Influenza , Ben Smith 44 (Oskars Bartulis 8) at 3:47
Penalties :
Evgeny Grachev (VJB) for Slashing (Minor) at 1:34, Luke Adam (Pro) for Holding Stick (Minor) at 6:18, Martins Karsums (VJB) for Hooking (Minor) at 9:45, Oskars Bartulis (VJB) for Roughing (Minor) at 16:22
3rd period
4. Punishers , Ryan Malone 43 (Mike Blunden 29, Mike Weber 24) at 3:56 (PP)
5. Punishers , Tanner Glass 38 (Adam McQuaid 31, Mike Sauer 35) at 8:19
6. Influenza , Evgeny Grachev 45 (Ben Smith 66) at 8:31
7. Influenza , Ben Smith 45 (Evgeny Grachev 58, Jamie Benn 44) at 11:32
8. Influenza , Ben Smith 46 (Ryan Carter 27) at 19:22 (Empty Net)
Penalties :
Carl Gunnarsson (VJB) for Holding (Minor) at 3:35, Mike Weber (Pro) for Holding Stick (Minor) at 6:00, Matt Corrente (VJB) for Interference (Minor) at 8:36, Martins Karsums (VJB) for Roughing (Minor) at 12:15
Goalie Stats
Niklas Svedberg (Pro), 23 saves from 27 shots - (0.852), L, 13-12-1, 59:40 minutes
Thomas McCollum (VJB), 23 saves from 26 shots - (0.885), W, 34-20-4, 60:00 minutes
Players Stats for Punishers
Player Name G A P +/- PIM S H SB GA TA FO MP PP MP PK MP
------------------------------------------------------------------------------------
Adam McQuaid 0 1 1 -1 0 1 2 1 0 3 0/0 27:22 5:46 4:17
Alex Petrovic 0 0 0 0 0 1 0 3 0 2 0/0 22:32 5:03 2:13
Boone Jenner 0 0 0 -1 0 0 1 0 0 0 0/0 9:03 0:34 0:00
Brandon McMillan 0 0 0 -2 0 0 0 0 0 0 3/4 6:16 0:00 0:00
Casey Cizikas 1 0 1 1 0 1 1 0 1 0 0/2 8:54 0:08 0:13
Dylan DeMelo 0 0 0 -2 0 0 0 0 0 0 0/0 10:51 0:00 0:45
Frazer Mclaren 0 0 0 1 2 0 2 0 0 0 0/0 9:40 0:01 1:52
Luke Adam 0 0 0 -1 4 2 3 0 0 0 3/7 16:32 4:46 0:00
Matt Mackenzie 0 0 0 -2 0 0 0 0 0 0 0/0 10:06 0:00 0:00
Michael Ferland 0 0 0 0 0 0 0 0 0 0 0/0 3:06 0:01 0:53
Miikka Salomaki 0 0 0 -1 0 1 1 0 0 0 0/0 16:19 4:46 0:00
Mike Blunden 0 1 1 -1 0 3 0 0 0 0 0/1 19:04 5:45 0:00
Mike Sauer 0 2 2 1 0 2 1 2 0 3 0/0 23:25 5:03 2:46
Mike Weber 0 1 1 -1 2 0 3 1 0 0 0/0 26:03 5:46 2:59
Petteri Nokelainen 0 0 0 -2 0 4 2 0 1 1 11/23 19:49 5:51 1:52
Philippe Paradis 0 0 0 1 0 0 0 0 0 0 0/0 2:54 0:00 1:21
Quinton Howden 0 0 0 0 0 0 0 0 1 0 0/0 5:34 0:12 0:00
Radek Smolenak 0 0 0 -2 0 1 0 0 0 0 0/0 6:16 0:00 0:00
Ryan Malone 1 0 1 -2 0 8 3 1 2 0 6/9 24:47 5:37 3:24
Tanner Glass 1 0 1 -1 0 2 2 1 0 1 1/1 23:27 4:46 3:25
Players Stats for Influenza
Player Name G A P +/- PIM S H SB GA TA FO MP PP MP PK MP
------------------------------------------------------------------------------------
Ben Smith 3 1 4 3 0 5 2 0 3 1 0/2 21:39 3:35 3:11
Carl Gunnarsson 0 0 0 1 2 3 1 0 0 1 0/0 22:25 2:41 3:54
Charlie Coyle 0 0 0 -1 0 0 2 0 0 0 1/1 7:51 0:00 0:00
Corey Tropp 0 0 0 -1 0 2 2 0 1 0 0/0 6:53 0:00 0:00
Evgeny Grachev 1 1 2 2 2 2 3 1 0 0 11/22 17:04 3:33 0:00
Jamie Benn 0 1 1 2 0 3 1 0 1 0 2/3 22:39 2:55 5:59
Jeff May 0 0 0 -1 0 0 1 0 0 0 0/0 12:11 0:00 0:54
Jeremy Morin 0 0 0 0 0 0 1 0 1 0 0/1 10:23 0:02 0:00
Mark Scheifele 0 1 1 1 0 0 1 0 1 0 0/1 14:47 2:55 1:10
Martins Karsums 1 0 1 1 4 1 2 0 1 0 0/0 13:31 2:55 0:00
Mathieu Carle 0 0 0 3 0 0 0 1 1 1 0/0 27:58 3:49 6:48
Matt Corrente 0 0 0 3 2 2 4 2 0 0 0/0 25:53 3:49 5:39
Oskars Bartulis 0 1 1 1 2 5 0 0 0 2 0/0 21:19 2:41 2:48
Robbie Earl 0 0 0 1 2 1 2 1 0 0 5/11 19:22 3:34 5:34
Ryan Carter 0 1 1 2 0 2 2 0 0 0 4/6 14:01 0:00 3:11
Ryan Russell 0 0 0 -1 0 0 2 0 1 0 0/0 10:47 0:00 2:06
T.J Galiardi 0 0 0 0 0 2 0 0 0 0 0/0 7:23 0:00 0:27
Tim Erixon 0 0 0 -1 0 0 1 0 0 0 0/0 11:31 0:00 1:35
3 Stars
1 - Ben Smith (VJB)
2 - Evgeny Grachev (VJB)
3 - Mike Sauer (Pro)
Power Play
Punishers - 1 on 8 Attempt(s) - 12.50%
Influenza - 0 on 4 Attempt(s) - 0.00%
Penalty Kill
Punishers - 4 on 4 Attempt(s) - 100.00%
- Score 0 goal in Penalty Kill
Influenza - 7 on 8 Attempt(s) - 87.50%
- Score 0 goal in Penalty Kill
Team Stat
Punishers - Hits : 21 - Faceoff Wins : 24 - Blocked Shots : 9 - Penalty Minutes : 8
Influenza - Hits : 27 - Faceoff Wins : 23 - Blocked Shots : 5 - Penalty Minutes : 14
Official
Referees : Auger Stephane and Ciamaga Chris
Linesman : Michel Cormier and Steve Barton
Game Notes
5:54 of 2nd period - Penalty Shot by Oskars Bartulis for Influenza - Stopped by Niklas Svedberg
T.J Galiardi is injured at 0:54 of 3rd period (Left Hip)
Ben Smith has scored a Hat Trick!
Ben Smith has scored in a empty net!
Finance
Level 1 -- Attendance: 1499 (74.95%) -- Ticket Income $59,960
Level 2 -- Attendance: 700 (70.00%) -- Ticket Income $14,000
Total Attendance: 2199 (73.30%)
Total Ticket Income: $73,960
Other Income: $3,698
Total Income: $77,658
Punishers
5 vs 5 Forward
Center Left Wing Right Wing Time % Phy DF OF
1 Petteri Nokelainen Ryan Malone Mike Blunden 40 1 2 2
2 Luke Adam Tanner Glass Miikka Salomaki 30 1 2 2
3 Casey Cizikas Frazer Mclaren Ryan Malone 20 1 2 2
4 Brandon McMillan Radek Smolenak Tanner Glass 10 1 2 2
5 vs 5 Defense
Defense Defense Time % Phy DF OF
1 Mike Weber Adam McQuaid 40 1 2 2
2 Mike Sauer Alex Petrovic 30 1 2 2
3 Matt Mackenzie Dylan DeMelo 20 1 2 2
4 Mike Weber Adam McQuaid 10 1 2 2
PowerPlay Forward
Center Left Wing Right Wing Time % Phy DF OF
1 Petteri Nokelainen Ryan Malone Mike Blunden 60 1 2 2
2 Luke Adam Tanner Glass Miikka Salomaki 40 1 2 2
PowerPlay Defense
Defense Defense Time % Phy DF OF
1 Mike Weber Adam McQuaid 60 1 2 2
2 Mike Sauer Alex Petrovic 40 1 2 2
Penalty Kill 4 Players Forward
Center Wing Time % Phy DF OF
1 Ryan Malone Tanner Glass 60 1 2 2
2 Petteri Nokelainen Frazer Mclaren 40 1 2 2
Penalty Kill 4 Players Defense
Defense Defense Time % Phy DF OF
1 Mike Weber Adam McQuaid 60 1 2 2
2 Mike Sauer Alex Petrovic 40 1 2 2
Penalty Kill - 3 Players Forward
Forward Time % Phy DF OF
1 Ryan Malone 60 1 2 2
2 Tanner Glass 40 1 2 2
Penalty Kill - 3 Players Defense
Defense Defense Time % Phy DF OF
1 Mike Weber Adam McQuaid 60 1 2 2
2 Mike Sauer Alex Petrovic 40 1 2 2
4 vs 4 Forward
Center Wing Time % Phy DF OF
1 Ryan Malone Tanner Glass 60 1 2 2
2 Petteri Nokelainen Frazer Mclaren 40 1 2 2
4 vs 4 Defense
Defense Defense Time % Phy DF OF
1 Mike Weber Adam McQuaid 60 1 2 2
2 Mike Sauer Alex Petrovic 40 1 2 2
Last Minutes Offensive
Center Left Wing Right Wing Defense Defense
Petteri Nokelainen Ryan Malone Mike Blunden Mike Weber Adam McQuaid
Last Minutes Defensive
Center Left Wing Right Wing Defense Defense
Petteri Nokelainen Ryan Malone Mike Blunden Mike Weber Adam McQuaid
Goaltenders
Starting : Niklas Svedberg
Backup : Kevin Poulin
Extra Forwards
Normal : Boone Jenner, Quinton Howden, Philippe Paradis - PP : Boone Jenner, Quinton Howden - PK : Philippe Paradis
Extra Defensemen
Normal : Matt Mackenzie, Dylan DeMelo, Mike Sauer - PP : Matt Mackenzie - PK : Dylan DeMelo, Mike Sauer
Penalty Shots
Ryan Malone, Tanner Glass, Petteri Nokelainen, Frazer Mclaren, Luke Adam
Scratches
Simon Despres (Left Hip Injury), Justin Falk (Sprained Right Ankle Injury), Louis Domingue (Healthy)
Influenza
5 vs 5 Forward
Center Left Wing Right Wing Time % Phy DF OF
1 Evgeny Grachev Jamie Benn Ben Smith 40 1 2 2
2 Mark Scheifele Robbie Earl Martins Karsums 30 1 2 2
3 Ryan Carter T.J Galiardi Jeremy Morin 20 1 2 2
4 Charlie Coyle Ryan Russell Corey Tropp 10 1 2 2
5 vs 5 Defense
Defense Defense Time % Phy DF OF
1 Matt Corrente Mathieu Carle 40 1 2 2
2 Oskars Bartulis Carl Gunnarsson 30 1 2 2
3 Jeff May Tim Erixon 20 1 2 2
4 Matt Corrente Mathieu Carle 10 1 2 2
PowerPlay Forward
Center Left Wing Right Wing Time % Phy DF OF
1 Evgeny Grachev Robbie Earl Ben Smith 60 1 2 2
2 Mark Scheifele Jamie Benn Martins Karsums 40 1 2 2
PowerPlay Defense
Defense Defense Time % Phy DF OF
1 Matt Corrente Mathieu Carle 60 1 2 2
2 Oskars Bartulis Carl Gunnarsson 40 1 2 2
Penalty Kill 4 Players Forward
Center Wing Time % Phy DF OF
1 Robbie Earl Jamie Benn 60 1 2 2
2 Ryan Carter Ben Smith 40 1 2 2
Penalty Kill 4 Players Defense
Defense Defense Time % Phy DF OF
1 Matt Corrente Mathieu Carle 60 1 2 2
2 Oskars Bartulis Carl Gunnarsson 40 1 2 2
Penalty Kill - 3 Players Forward
Forward Time % Phy DF OF
1 Robbie Earl 60 1 2 2
2 Jamie Benn 40 1 2 2
Penalty Kill - 3 Players Defense
Defense Defense Time % Phy DF OF
1 Matt Corrente Mathieu Carle 60 1 2 2
2 Oskars Bartulis Carl Gunnarsson 40 1 2 2
4 vs 4 Forward
Center Wing Time % Phy DF OF
1 Evgeny Grachev Jamie Benn 60 1 2 2
2 Mark Scheifele Ben Smith 40 1 2 2
4 vs 4 Defense
Defense Defense Time % Phy DF OF
1 Matt Corrente Mathieu Carle 60 1 2 2
2 Oskars Bartulis Carl Gunnarsson 40 1 2 2
Last Minutes Offensive
Center Left Wing Right Wing Defense Defense
Ryan Carter Robbie Earl Ben Smith Matt Corrente Mathieu Carle
Last Minutes Defensive
Center Left Wing Right Wing Defense Defense
Ryan Carter Robbie Earl Ben Smith Matt Corrente Mathieu Carle
Goaltenders
Starting : Thomas McCollum
Backup : Olivier Roy
Extra Forwards
Normal : T.J Galiardi, Jeremy Morin, Ryan Russell - PP : T.J Galiardi, Jeremy Morin - PK : Ryan Russell
Extra Defensemen
Normal : Oskars Bartulis, Tim Erixon, Matt Corrente - PP : Oskars Bartulis - PK : Tim Erixon, Matt Corrente
Penalty Shots
Robbie Earl, Jamie Benn, Ryan Carter, Ben Smith, Martins Karsums
Scratches
Jacob Josefson (Healthy), Jordan Schroeder (Healthy), Iiro Pakarinen (Healthy), Brian Salcido (Healthy), Colin McDonald (Healthy)
Jamie Devane (Healthy), John Klingberg (Sprained Right Knee Injury), Ryan Sproul (Healthy), Andreas Engqvist (Healthy), Colton Sceviour (Healthy)
T.J Galiardi (Left Hip Injury), Philippe Cornet (Healthy), T.J Brodie (Healthy), Tyson Sexsmith (Healthy)
% Time on Ice - Punishers
Lines # - Real PCT - Wanted PCT - Time Play
Normal Forward
1 - 33% - 40% - 13:29
2 - 32% - 30% - 13:07
3 - 19% - 20% - 7:48
4 - 15% - 10% - 6:16
Normal Defense
1 - 37% - 40% - 15:02
2 - 37% - 30% - 14:56
3 - 25% - 20% - 10:06
4 - 1% - 10% - 0:36
PP Forward
1 - 56% - 60% - 6:03
2 - 44% - 40% - 4:46
PP Defense
1 - 53% - 60% - 5:46
2 - 47% - 40% - 5:03
PK Forward
1 - 71% - 60% - 4:38
2 - 29% - 40% - 1:52
PK Defense
1 - 66% - 60% - 4:17
2 - 34% - 40% - 2:13
PK3 Forward
1 - 0% - 60%
2 - 0% - 40%
PK3 Defense
1 - 0% - 60%
2 - 0% - 40%
44 Forward
1 - 79% - 60% - 1:08
2 - 21% - 40% - 0:18
44 Defense
1 - 77% - 60% - 1:06
2 - 23% - 40% - 0:20
Last Minute Offensive - 0:35
Last Minute Defensive - 0:00
Total
Forward - 60:00
Defense - 60:00
|
% Time on Ice - Influenza
Lines # - Real PCT - Wanted PCT - Time Play
Normal Forward
1 - 31% - 40% - 12:27
2 - 33% - 30% - 13:24
3 - 20% - 20% - 8:10
4 - 16% - 10% - 6:36
Normal Defense
1 - 40% - 40% - 16:23
2 - 37% - 30% - 15:00
3 - 22% - 20% - 8:49
4 - 1% - 10% - 0:25
PP Forward
1 - 55% - 60% - 3:35
2 - 45% - 40% - 2:55
PP Defense
1 - 59% - 60% - 3:49
2 - 41% - 40% - 2:41
PK Forward
1 - 71% - 60% - 7:38
2 - 29% - 40% - 3:11
PK Defense
1 - 64% - 60% - 6:55
2 - 36% - 40% - 3:54
PK3 Forward
1 - 0% - 60%
2 - 0% - 40%
PK3 Defense
1 - 0% - 60%
2 - 0% - 40%
44 Forward
1 - 77% - 60% - 1:06
2 - 23% - 40% - 0:20
44 Defense
1 - 41% - 60% - 0:35
2 - 59% - 40% - 0:51
Last Minute Offensive - 0:00
Last Minute Defensive - 0:38
Total
Forward - 60:00
Defense - 60:00
|
Play by Play
1st period
0:01 of 1st period - Petteri Nokelainen wins face-off versus Evgeny Grachev in neutral zone.
0:04 of 1st period - Snap shot by Ryan Malone.
0:04 of 1st period - Deflect By Petteri Nokelainen.
0:04 of 1st period - Shot Misses the Net.
0:04 of 1st period - Puck is out of play.
0:05 of 1st period - Petteri Nokelainen wins face-off versus Evgeny Grachev in Influenza zone.
0:30 of 1st period - Snap shot by Tanner Glass.
0:30 of 1st period - Shot Misses the Net.
0:56 of 1st period - Ryan Malone is hit by Ryan Russell and loses puck.
1:33 of 1st period - Snap shot by Jamie Benn.
1:33 of 1st period - Shot Misses the Net.
1:35 of 1st period - Slapshot by Tim Erixon.
1:35 of 1st period - Shot Misses the Net.
1:41 of 1st period - Snap shot by Jamie Benn.
1:41 of 1st period - Stopped by Niklas Svedberg with a rebound.
1:43 of 1st period - Slapshot by Tim Erixon.
1:43 of 1st period - Shot Blocked by Adam McQuaid.
2:02 of 1st period - Off-side.
2:03 of 1st period - Evgeny Grachev wins face-off versus Casey Cizikas in neutral zone.
2:35 of 1st period - Wrist shot by Jamie Benn.
2:35 of 1st period - Shot Blocked by Alex Petrovic.
2:37 of 1st period - Slapshot by Oskars Bartulis.
2:37 of 1st period - Shot Misses the Net.
2:41 of 1st period - Snap shot by Ben Smith.
2:41 of 1st period - Shot Misses the Net.
2:43 of 1st period - Slapshot by Ben Smith.
2:43 of 1st period - Stopped by Niklas Svedberg with a rebound.
2:59 of 1st period - Slapshot by Casey Cizikas.
2:59 of 1st period - Goal by Casey Cizikas - Punishers : 1 - Influenza : 0.
3:00 of 1st period - Tanner Glass wins face-off versus Mark Scheifele in neutral zone.
3:21 of 1st period - Minor Penalty to Luke Adam for Holding.
3:22 of 1st period - Evgeny Grachev wins face-off versus Ryan Malone in Punishers zone.
3:27 of 1st period - Snap shot by Evgeny Grachev.
3:27 of 1st period - Shot Blocked by Ryan Malone.
3:47 of 1st period - Mark Scheifele is hit by Petteri Nokelainen and loses puck.
5:05 of 1st period - Carl Gunnarsson is hit by Mike Weber and loses puck.
5:21 of 1st period - Penalty to Luke Adam is over, Luke Adam is back on ice.
5:26 of 1st period - Slapshot by Luke Adam.
5:26 of 1st period - Shot Misses the Net.
5:32 of 1st period - Tanner Glass is hit by Jeremy Morin.
6:16 of 1st period - Icing by Charlie Coyle.
6:17 of 1st period - Charlie Coyle wins face-off versus Petteri Nokelainen in Influenza zone.
6:53 of 1st period - Tanner Glass is hit by Jamie Benn and loses puck.
7:24 of 1st period - Petteri Nokelainen is hit by Matt Corrente and loses puck.
8:11 of 1st period - Snap shot by Luke Adam.
8:11 of 1st period - Stopped by Thomas McCollum with a rebound.
9:04 of 1st period - Snap shot by T.J Galiardi.
9:04 of 1st period - Stopped by Niklas Svedberg with a rebound.
9:15 of 1st period - Mathieu Carle is hit by Frazer Mclaren and loses puck.
9:26 of 1st period - Tanner Glass is hit by Robbie Earl and loses puck.
9:35 of 1st period - Snap shot by Martins Karsums.
9:35 of 1st period - Shot Misses the Net.
9:55 of 1st period - Luke Adam is hit by Martins Karsums and loses puck.
10:00 of 1st period - Snap shot by Martins Karsums.
10:00 of 1st period - Goal by Martins Karsums - Punishers : 1 - Influenza : 1.
10:01 of 1st period - Petteri Nokelainen wins face-off versus Jamie Benn in neutral zone.
10:48 of 1st period - Minor Penalty to Frazer Mclaren for High sticking.
10:49 of 1st period - Ryan Malone wins face-off versus Ben Smith in Punishers zone.
11:01 of 1st period - Wrist shot by Ben Smith.
11:01 of 1st period - Shot Misses the Net.
11:03 of 1st period - Slapshot by Carl Gunnarsson.
11:03 of 1st period - Stopped by Niklas Svedberg without a rebound.
11:04 of 1st period - Ryan Malone wins face-off versus Evgeny Grachev in Punishers zone.
11:15 of 1st period - Wrist shot by Ryan Malone.
11:15 of 1st period - Shot Misses the Net.
11:21 of 1st period - Minor Penalty to Robbie Earl for Interference.
11:22 of 1st period - Ryan Malone wins face-off versus Evgeny Grachev in Influenza zone.
11:25 of 1st period - Wrist shot by Ryan Malone.
11:25 of 1st period - Stopped by Thomas McCollum without a rebound.
11:26 of 1st period - Ryan Malone wins face-off versus Evgeny Grachev in Influenza zone.
11:29 of 1st period - Wrist shot by Tanner Glass.
11:29 of 1st period - Shot Misses the Net.
12:03 of 1st period - Oskars Bartulis is hit by Adam McQuaid.
12:23 of 1st period - Oskars Bartulis is hit by Mike Weber and loses puck.
12:48 of 1st period - Penalty to Frazer Mclaren is over, Frazer Mclaren is back on ice.
13:13 of 1st period - Mike Sauer is hit by Matt Corrente and loses puck.
13:21 of 1st period - Penalty to Robbie Earl is over, Robbie Earl is back on ice.
13:53 of 1st period - Matt Mackenzie is hit by Robbie Earl.
14:07 of 1st period - Frazer Mclaren is hit by Ben Smith and loses puck.
14:18 of 1st period - Frazer Mclaren is hit by Charlie Coyle and loses puck.
14:37 of 1st period - Snap shot by Tanner Glass.
14:37 of 1st period - Stopped by Thomas McCollum with a rebound.
14:47 of 1st period - Ryan Malone is hit by Matt Corrente and loses puck.
15:21 of 1st period - Alex Petrovic is hit by Corey Tropp and loses puck.
15:40 of 1st period - Snap shot by Evgeny Grachev.
15:40 of 1st period - Stopped by Niklas Svedberg with a rebound.
15:46 of 1st period - Snap shot by Luke Adam.
15:46 of 1st period - Shot Misses the Net.
15:52 of 1st period - Slapshot by Miikka Salomaki.
15:52 of 1st period - Stopped by Thomas McCollum with a rebound.
15:54 of 1st period - Wrist shot by Luke Adam.
15:54 of 1st period - Shot Misses the Net.
15:56 of 1st period - Slapshot by Mike Sauer.
15:56 of 1st period - Deflect By Luke Adam.
15:56 of 1st period - Shot Blocked by Evgeny Grachev.
15:56 of 1st period - Puck is out of play.
15:57 of 1st period - Ryan Carter wins face-off versus Petteri Nokelainen in Influenza zone.
17:38 of 1st period - Wrist shot by Corey Tropp.
17:38 of 1st period - Stopped by Niklas Svedberg with a rebound.
17:44 of 1st period - Slapshot by Ryan Russell.
17:44 of 1st period - Shot Misses the Net.
17:46 of 1st period - Snap shot by Ryan Russell.
17:46 of 1st period - Deflect By Corey Tropp.
17:46 of 1st period - Stopped by Niklas Svedberg with a rebound.
17:56 of 1st period - Slapshot by Martins Karsums.
17:56 of 1st period - Shot Blocked by Mike Weber.
18:04 of 1st period - Slapshot by Carl Gunnarsson.
18:04 of 1st period - Deflect By Frazer Mclaren.
18:04 of 1st period - Stopped by Niklas Svedberg with a rebound.
18:16 of 1st period - Mike Sauer is hit by Ben Smith and loses puck.
18:29 of 1st period - Wrist shot by Ben Smith.
18:29 of 1st period - Shot Misses the Net.
18:42 of 1st period - Icing by Jeremy Morin.
18:43 of 1st period - Ryan Carter wins face-off versus Petteri Nokelainen in Influenza zone.
18:56 of 1st period - Mike Blunden is hit by Jeff May and loses puck.
Goals for this period are 1 for Punishers vs 1 for Influenza.
Shots for this period are 5 for Punishers vs 9 for Influenza.
2nd period
0:01 of 2nd period - Evgeny Grachev wins face-off versus Petteri Nokelainen in neutral zone.
0:35 of 2nd period - Snap shot by Mark Scheifele.
0:35 of 2nd period - Shot Blocked by Alex Petrovic.
0:37 of 2nd period - Snap shot by Robbie Earl.
0:37 of 2nd period - Stopped by Niklas Svedberg with a rebound.
0:39 of 2nd period - Slapshot by Martins Karsums.
0:39 of 2nd period - Shot Hit the Post.
1:16 of 2nd period - Slapshot by Oskars Bartulis.
1:16 of 2nd period - Stopped by Niklas Svedberg without a rebound.
1:17 of 2nd period - Evgeny Grachev wins face-off versus Brandon McMillan in Punishers zone.
1:18 of 2nd period - Snap shot by Jamie Benn.
1:18 of 2nd period - Stopped by Niklas Svedberg without a rebound.
1:19 of 2nd period - Brandon McMillan wins face-off versus Ben Smith in Punishers zone.
1:19 of 2nd period - Brandon McMillan is hit by Tim Erixon.
1:34 of 2nd period - Minor Penalty to Evgeny Grachev for Slashing.
1:35 of 2nd period - Petteri Nokelainen wins face-off versus Robbie Earl in Influenza zone.
3:34 of 2nd period - Penalty to Evgeny Grachev is over, Evgeny Grachev is back on ice.
3:47 of 2nd period - Wrist shot by Ben Smith.
3:47 of 2nd period - Goal by Ben Smith - Punishers : 1 - Influenza : 2.
3:48 of 2nd period - Petteri Nokelainen wins face-off versus Evgeny Grachev in neutral zone.
3:51 of 2nd period - Ben Smith is hit by Ryan Malone and loses puck.
3:56 of 2nd period - Snap shot by Petteri Nokelainen.
3:56 of 2nd period - Deflect By Mike Blunden.
3:56 of 2nd period - Stopped by Thomas McCollum with a rebound.
3:58 of 2nd period - Slapshot by Ryan Malone.
3:58 of 2nd period - Stopped by Thomas McCollum with a rebound.
4:00 of 2nd period - Wrist shot by Ryan Malone.
4:00 of 2nd period - Stopped by Thomas McCollum with a rebound.
4:02 of 2nd period - Slapshot by Petteri Nokelainen.
4:02 of 2nd period - Stopped by Thomas McCollum with a rebound.
4:04 of 2nd period - Wrist shot by Ryan Malone.
4:04 of 2nd period - Stopped by Thomas McCollum with a rebound.
4:14 of 2nd period - Mike Sauer is hit by Carl Gunnarsson and loses puck.
5:19 of 2nd period - Mathieu Carle is hit by Tanner Glass and loses puck.
5:26 of 2nd period - Charlie Coyle is hit by Tanner Glass.
5:54 of 2nd period - Penalty Shot by Oskars Bartulis for Influenza.
5:54 of 2nd period - Snap shot by Oskars Bartulis.
5:54 of 2nd period - Stopped by Niklas Svedberg.
5:55 of 2nd period - Evgeny Grachev wins face-off versus Luke Adam in Influenza zone.
5:55 of 2nd period - Evgeny Grachev is hit by Luke Adam.
6:03 of 2nd period - Slapshot by Ben Smith.
6:03 of 2nd period - Shot Misses the Net.
6:18 of 2nd period - Minor Penalty to Luke Adam for Holding Stick.
6:19 of 2nd period - Evgeny Grachev wins face-off versus Ryan Malone in Punishers zone.
6:44 of 2nd period - Slapshot by Mark Scheifele.
6:44 of 2nd period - Shot Misses the Net.
6:46 of 2nd period - Slapshot by Mark Scheifele.
6:46 of 2nd period - Shot Misses the Net.
6:48 of 2nd period - Slapshot by Carl Gunnarsson.
6:48 of 2nd period - Shot Blocked by Tanner Glass.
7:46 of 2nd period - Jamie Benn is hit by Casey Cizikas and loses puck.
8:18 of 2nd period - Penalty to Luke Adam is over, Luke Adam is back on ice.
8:28 of 2nd period - Slapshot by T.J Galiardi.
8:28 of 2nd period - Stopped by Niklas Svedberg without a rebound.
8:29 of 2nd period - Ryan Carter wins face-off versus Luke Adam in Punishers zone.
8:46 of 2nd period - Snap shot by Miikka Salomaki.
8:46 of 2nd period - Shot Hit the Post.
8:48 of 2nd period - Snap shot by Luke Adam.
8:48 of 2nd period - Stopped by Thomas McCollum without a rebound.
8:49 of 2nd period - Evgeny Grachev wins face-off versus Mike Blunden in Influenza zone.
9:40 of 2nd period - Wrist shot by Ryan Malone.
9:40 of 2nd period - Shot Misses the Net.
9:45 of 2nd period - Minor Penalty to Martins Karsums for Hooking.
9:46 of 2nd period - Robbie Earl wins face-off versus Petteri Nokelainen in Influenza zone.
9:54 of 2nd period - Snap shot by Mike Sauer.
9:54 of 2nd period - Stopped by Thomas McCollum without a rebound.
9:55 of 2nd period - Robbie Earl wins face-off versus Petteri Nokelainen in Influenza zone.
10:43 of 2nd period - Snap shot by Petteri Nokelainen.
10:43 of 2nd period - Shot Hit the Post.
10:45 of 2nd period - Wrist shot by Alex Petrovic.
10:45 of 2nd period - Shot Blocked by Mathieu Carle.
10:47 of 2nd period - Slapshot by Alex Petrovic.
10:47 of 2nd period - Stopped by Thomas McCollum with a rebound.
10:49 of 2nd period - Wrist shot by Mike Blunden.
10:49 of 2nd period - Deflect By Ryan Malone.
10:49 of 2nd period - Stopped by Thomas McCollum with a rebound.
10:51 of 2nd period - Snap shot by Mike Sauer.
10:51 of 2nd period - Deflect By Ryan Malone.
10:51 of 2nd period - Shot Blocked by Matt Corrente.
10:51 of 2nd period - Puck is out of play.
10:52 of 2nd period - Luke Adam wins face-off versus Robbie Earl in Influenza zone.
11:45 of 2nd period - Penalty to Martins Karsums is over, Martins Karsums is back on ice.
12:05 of 2nd period - Wrist shot by Corey Tropp.
12:05 of 2nd period - Shot Blocked by Mike Sauer.
12:07 of 2nd period - Slapshot by Tim Erixon.
12:07 of 2nd period - Shot Blocked by Alex Petrovic.
12:37 of 2nd period - Mike Weber is hit by Evgeny Grachev and loses puck.
12:42 of 2nd period - Snap shot by Ben Smith.
12:42 of 2nd period - Stopped by Niklas Svedberg with a rebound.
13:19 of 2nd period - Wrist shot by T.J Galiardi.
13:19 of 2nd period - Shot Misses the Net.
14:00 of 2nd period - Icing by Mathieu Carle.
14:01 of 2nd period - Petteri Nokelainen wins face-off versus Jeremy Morin in Influenza zone.
14:04 of 2nd period - Slapshot by Petteri Nokelainen.
14:04 of 2nd period - Stopped by Thomas McCollum with a rebound.
14:06 of 2nd period - Slapshot by Matt Mackenzie.
14:06 of 2nd period - Shot Blocked by Matt Corrente.
14:08 of 2nd period - Backhand shot by Mike Blunden.
14:08 of 2nd period - Stopped by Thomas McCollum without a rebound.
14:09 of 2nd period - Luke Adam wins face-off versus Evgeny Grachev in Influenza zone.
14:17 of 2nd period - Slapshot by Matt Corrente.
14:17 of 2nd period - Stopped by Niklas Svedberg with a rebound.
14:19 of 2nd period - Slapshot by Matt Corrente.
14:19 of 2nd period - Deflect By Tanner Glass.
14:19 of 2nd period - Stopped by Niklas Svedberg with a rebound.
15:28 of 2nd period - Wrist shot by Corey Tropp.
15:28 of 2nd period - Shot Hit the Post.
15:30 of 2nd period - Snap shot by Corey Tropp.
15:30 of 2nd period - Shot Misses the Net.
16:22 of 2nd period - Minor Penalty to Oskars Bartulis for Roughing.
16:23 of 2nd period - Robbie Earl wins face-off versus Luke Adam in Influenza zone.
16:48 of 2nd period - Matt Corrente is hit by Petteri Nokelainen and loses puck.
18:22 of 2nd period - Penalty to Oskars Bartulis is over, Oskars Bartulis is back on ice.
18:23 of 2nd period - Wrist shot by Oskars Bartulis.
18:23 of 2nd period - Stopped by Niklas Svedberg with a rebound.
18:33 of 2nd period - Mike Sauer is hit by Ryan Carter and loses puck.
18:44 of 2nd period - Snap shot by Ben Smith.
18:44 of 2nd period - Shot Hit the Post.
18:46 of 2nd period - Snap shot by Ryan Carter.
18:46 of 2nd period - Stopped by Niklas Svedberg with a rebound.
18:54 of 2nd period - Wrist shot by Ben Smith.
18:54 of 2nd period - Shot Misses the Net.
18:58 of 2nd period - Snap shot by Ryan Carter.
18:58 of 2nd period - Shot Misses the Net.
19:00 of 2nd period - Snap shot by Oskars Bartulis.
19:00 of 2nd period - Shot Misses the Net.
19:02 of 2nd period - Backhand shot by Jeff May.
19:02 of 2nd period - Shot Misses the Net.
19:04 of 2nd period - Snap shot by Ryan Carter.
19:04 of 2nd period - Stopped by Niklas Svedberg with a rebound.
19:18 of 2nd period - Snap shot by Ryan Carter.
19:18 of 2nd period - Shot Misses the Net.
19:20 of 2nd period - Slapshot by Oskars Bartulis.
19:20 of 2nd period - Stopped by Niklas Svedberg with a rebound.
19:22 of 2nd period - Slapshot by Carl Gunnarsson.
19:22 of 2nd period - Shot Blocked by Mike Sauer.
19:24 of 2nd period - Wrist shot by Oskars Bartulis.
19:24 of 2nd period - Stopped by Niklas Svedberg with a rebound.
19:26 of 2nd period - Slapshot by Carl Gunnarsson.
19:26 of 2nd period - Stopped by Niklas Svedberg with a rebound.
19:54 of 2nd period - Slapshot by Mike Sauer.
19:54 of 2nd period - Stopped by Thomas McCollum with a rebound.
Goals for this period are 0 for Punishers vs 1 for Influenza.
Shots for this period are 12 for Punishers vs 14 for Influenza.
3rd period
0:01 of 3rd period - Jamie Benn wins face-off versus Petteri Nokelainen in neutral zone.
0:27 of 3rd period - Miikka Salomaki is hit by Martins Karsums and loses puck.
0:53 of 3rd period - T.J Galiardi is hit by Frazer Mclaren and loses puck.
0:54 of 3rd period - T.J Galiardi from Influenza is injured at 0:54 of 3rd period (Left Hip).
0:55 of 3rd period - Jamie Benn wins face-off versus Petteri Nokelainen in Influenza zone.
1:02 of 3rd period - Backhand shot by Petteri Nokelainen.
1:02 of 3rd period - Stopped by Thomas McCollum with a rebound.
1:20 of 3rd period - Martins Karsums is hit by Miikka Salomaki and loses puck.
1:45 of 3rd period - Corey Tropp is hit by Mike Sauer and loses puck.
2:03 of 3rd period - Ryan Russell is hit by Ryan Malone and loses puck.
2:24 of 3rd period - Snap shot by Ryan Russell.
2:24 of 3rd period - Shot Misses the Net.
2:26 of 3rd period - Snap shot by Oskars Bartulis.
2:26 of 3rd period - Stopped by Niklas Svedberg without a rebound.
2:27 of 3rd period - Luke Adam wins face-off versus Evgeny Grachev in Punishers zone.
2:42 of 3rd period - Snap shot by Luke Adam.
2:42 of 3rd period - Shot Misses the Net.
3:02 of 3rd period - Snap shot by Mike Blunden.
3:02 of 3rd period - Stopped by Thomas McCollum with a rebound.
3:15 of 3rd period - Off-side.
3:16 of 3rd period - Brandon McMillan wins face-off versus Ryan Carter in neutral zone.
3:25 of 3rd period - Snap shot by Tanner Glass.
3:25 of 3rd period - Shot Misses the Net.
3:35 of 3rd period - Minor Penalty to Carl Gunnarsson for Holding.
3:36 of 3rd period - Petteri Nokelainen wins face-off versus Robbie Earl in Influenza zone.
3:48 of 3rd period - Off-side.
3:49 of 3rd period - Ryan Malone wins face-off versus Robbie Earl in neutral zone.
3:54 of 3rd period - Wrist shot by Mike Blunden.
3:54 of 3rd period - Shot Hit the Post.
3:56 of 3rd period - Wrist shot by Ryan Malone.
3:56 of 3rd period - Goal by Ryan Malone - Punishers : 2 - Influenza : 2.
3:57 of 3rd period - Petteri Nokelainen wins face-off versus Evgeny Grachev in neutral zone.
4:16 of 3rd period - Adam McQuaid is hit by Evgeny Grachev and loses puck.
4:45 of 3rd period - Icing by Mathieu Carle.
4:46 of 3rd period - Ryan Carter wins face-off versus Casey Cizikas in Influenza zone.
5:53 of 3rd period - Wrist shot by Radek Smolenak.
5:53 of 3rd period - Stopped by Thomas McCollum without a rebound.
5:54 of 3rd period - Brandon McMillan wins face-off versus Ryan Carter in Influenza zone.
6:00 of 3rd period - Minor Penalty to Mike Weber for Holding Stick.
6:01 of 3rd period - Ryan Malone wins face-off versus Evgeny Grachev in Punishers zone.
6:01 of 3rd period - Ryan Malone is hit by Matt Corrente.
6:27 of 3rd period - Adam McQuaid is hit by Mark Scheifele and loses puck.
8:00 of 3rd period - Penalty to Mike Weber is over, Mike Weber is back on ice.
8:04 of 3rd period - Adam McQuaid is hit by Corey Tropp and loses puck.
8:19 of 3rd period - Snap shot by Tanner Glass.
8:19 of 3rd period - Goal by Tanner Glass - Punishers : 3 - Influenza : 2.
8:20 of 3rd period - Evgeny Grachev wins face-off versus Petteri Nokelainen in neutral zone.
8:25 of 3rd period - Slapshot by Jamie Benn.
8:25 of 3rd period - Stopped by Niklas Svedberg without a rebound.
8:26 of 3rd period - Evgeny Grachev wins face-off versus Ryan Malone in Punishers zone.
8:31 of 3rd period - Wrist shot by Evgeny Grachev.
8:31 of 3rd period - Goal by Evgeny Grachev - Punishers : 3 - Influenza : 3.
8:32 of 3rd period - Evgeny Grachev wins face-off versus Petteri Nokelainen in neutral zone.
8:36 of 3rd period - Minor Penalty to Matt Corrente for Interference.
8:37 of 3rd period - Petteri Nokelainen wins face-off versus Robbie Earl in Influenza zone.
8:39 of 3rd period - Snap shot by Ryan Malone.
8:39 of 3rd period - Stopped by Thomas McCollum without a rebound.
8:40 of 3rd period - Petteri Nokelainen wins face-off versus Robbie Earl in Influenza zone.
8:45 of 3rd period - Slapshot by Petteri Nokelainen.
8:45 of 3rd period - Stopped by Thomas McCollum with a rebound.
8:47 of 3rd period - Slapshot by Adam McQuaid.
8:47 of 3rd period - Shot Misses the Net.
8:49 of 3rd period - Wrist shot by Ryan Malone.
8:49 of 3rd period - Shot Misses the Net.
8:51 of 3rd period - Snap shot by Ryan Malone.
8:51 of 3rd period - Shot Misses the Net.
8:53 of 3rd period - Slapshot by Adam McQuaid.
8:53 of 3rd period - Stopped by Thomas McCollum with a rebound.
8:55 of 3rd period - Snap shot by Petteri Nokelainen.
8:55 of 3rd period - Shot Blocked by Robbie Earl.
9:12 of 3rd period - Jamie Benn is hit by Mike Weber and loses puck.
9:59 of 3rd period - Carl Gunnarsson is hit by Adam McQuaid and loses puck.
10:20 of 3rd period - Miikka Salomaki is hit by Ryan Carter and loses puck.
10:32 of 3rd period - Icing by Miikka Salomaki.
10:33 of 3rd period - Robbie Earl wins face-off versus Luke Adam in Punishers zone.
10:36 of 3rd period - Penalty to Matt Corrente is over, Matt Corrente is back on ice.
10:48 of 3rd period - Snap shot by Ryan Malone.
10:48 of 3rd period - Stopped by Thomas McCollum with a rebound.
11:32 of 3rd period - Wrist shot by Ben Smith.
11:32 of 3rd period - Goal by Ben Smith - Punishers : 3 - Influenza : 4.
11:33 of 3rd period - Evgeny Grachev wins face-off versus Petteri Nokelainen in neutral zone.
12:00 of 3rd period - Martins Karsums is hit by Luke Adam and loses puck.
12:15 of 3rd period - Minor Penalty to Martins Karsums for Roughing.
12:16 of 3rd period - Robbie Earl wins face-off versus Petteri Nokelainen in Influenza zone.
13:15 of 3rd period - Carl Gunnarsson is hit by Ryan Malone and loses puck.
13:26 of 3rd period - Ben Smith is hit by Luke Adam and loses puck.
13:59 of 3rd period - Mike Blunden is hit by Ryan Russell and loses puck.
14:15 of 3rd period - Penalty to Martins Karsums is over, Martins Karsums is back on ice.
14:40 of 3rd period - Tim Erixon is hit by Boone Jenner and loses puck.
14:58 of 3rd period - Frazer Mclaren is hit by Charlie Coyle and loses puck.
15:20 of 3rd period - Luke Adam is hit by Evgeny Grachev and loses puck.
15:29 of 3rd period - Snap shot by Ben Smith.
15:29 of 3rd period - Shot Misses the Net.
16:01 of 3rd period - Slapshot by Mathieu Carle.
16:01 of 3rd period - Shot Misses the Net.
19:02 of 3rd period - Punishers, Niklas Svedberg is pulled from the net.
19:22 of 3rd period - Slapshot by Ben Smith.
19:22 of 3rd period - Goal by Ben Smith - Punishers : 3 - Influenza : 5.
19:22 of 3rd period - Niklas Svedberg from Punishers was sent back in the game.
19:23 of 3rd period - Petteri Nokelainen wins face-off versus Evgeny Grachev in neutral zone.
19:55 of 3rd period - Snap shot by Ryan Malone.
19:55 of 3rd period - Shot Misses the Net.
Goals for this period are 2 for Punishers vs 3 for Influenza.
Shots for this period are 9 for Punishers vs 5 for Influenza.
Back to the Top